AA NE
HARRISBURG SENATORS @ RICHMOND FLYING SQUIRRELS
04/19/2042
 
TOP OF THE 1ST
Harrisburg Senators batting - Pitching for Richmond Flying Squirrels : LHP Jim Unknown
Pitching: LHP Jim Unknown
Batting: RHB Jeff Lee 0-0: Ball
1-0: Foul Ball, location: 2F
1-1: Ground out 6-3 (Groundball, 6M, EV 84.4 MPH)
Batting: RHB Enrico Rodríguez 0-0: Ball
1-0: Ball
2-0: Called Strike
2-1: Swinging Strike
2-2: Foul Ball, location: 9LSF
2-2: Foul Ball, location: 5F
2-2: Strikes out swinging, 2-3 out at first.
Batting: RHB Esteban Gonzáles 0-0: Called Strike
0-1: Called Strike
0-2: Ball
1-2: Ball
2-2: Ball
3-2: Strikes out swinging
Top of the 1st over - 0 runs, 0 hits, 0 errors, 0 left on base; Harrisburg 0 - Richmond 0
BOTTOM OF THE 1ST
Richmond Flying Squirrels batting - Pitching for Harrisburg Senators : RHP Tim Bailey
Pitching: RHP Tim Bailey
Batting: LHB Mauro Reyes 0-0: Ball
1-0: Swinging Strike
1-1: Ground out U3 (Groundball, 3L, EV 101.9 MPH)
Batting: LHB Jim Meléndez 0-0: Called Strike
0-1: Foul Ball, location: 2RF
0-2: Ball
1-2: Ball
2-2: Fly out, F9 (Flyball, 9D, EV 103.8 MPH)
Batting: RHB Jorge Juárez 0-0: Ball
1-0: Ball
2-0: Fly out, F8 (Flyball, 89D, EV 106.9 MPH)
Bottom of the 1st over - 0 runs, 0 hits, 0 errors, 0 left on base; Harrisburg 0 - Richmond 0
TOP OF THE 2ND
Harrisburg Senators batting - Pitching for Richmond Flying Squirrels : LHP Jim Unknown
Batting: RHB Stan Boone 0-0: Ground out 4-3 (Groundball, 4, EV 85.6 MPH)
Batting: RHB José Sousa 0-0: Foul Ball, location: 3SF
0-1: Called Strike
0-2: Ball
1-2: Ball
2-2: Ball
3-2: Base on Balls
Batting: RHB Víctor Sánchez 0-0: Ball
1-0: Foul Ball, location: 2F
1-1: Foul Ball, location: 9LDF
1-2: Ball
2-2: Strikes out looking
Batting: RHB Ron Clements 0-0: Called Strike
0-1: SINGLE (Flyball, 89S, EV 95.0 MPH)
José Sousa to second
Runner from 2nd tries for 3rd, SAFE, throw by RF made to third
Batting: RHB Juan Mateo 0-0: Called Strike
0-1: Ball
1-1: SINGLE (Line Drive, 78M, EV 98.1 MPH)
José Sousa scores
Ron Clements to second
Runner from 2nd tries for 3rd, SAFE, no throw by CF
Batting: LHB Josh Battle 0-0: Swinging Strike
0-1: Fly out, F8 (Flyball, 89D, EV 89.4 MPH)
Top of the 2nd over - 1 run, 2 hits, 0 errors, 2 left on base; Harrisburg 1 - Richmond 0
BOTTOM OF THE 2ND
Richmond Flying Squirrels batting - Pitching for Harrisburg Senators : RHP Tim Bailey
Batting: LHB Pat Holden 0-0: Swinging Strike
0-1: Called Strike
0-2: Ground out 4-3 (Groundball, 4, EV 102.5 MPH)
Batting: RHB Jim Unknown 0-0: Called Strike
0-1: DOUBLE (Line Drive, 89XD, EV 105.6 MPH)
Batting: RHB Jim Unknown 0-0: Ball
1-0: Ball
2-0: Fly out, F7 (Line Drive, 78D, EV 80.0 MPH)
Batting: RHB Jim Unknown 0-0: Ball
1-0: Ground out 5-3 (Groundball, 5S, EV 65.6 MPH)
Bottom of the 2nd over - 0 runs, 1 hit, 0 errors, 1 left on base; Harrisburg 1 - Richmond 0
TOP OF THE 3RD
Harrisburg Senators batting - Pitching for Richmond Flying Squirrels : LHP Jim Unknown
Batting: RHB Jeff Lee 0-0: Called Strike
0-1: Ground out 4-3 (Groundball, 34, EV 81.3 MPH)
Batting: RHB Enrico Rodríguez 0-0: Ground out 6-3 (Groundball, 6S, EV 66.3 MPH)
Batting: RHB Esteban Gonzáles 0-0: Ball
1-0: Swinging Strike
1-1: Ground out 5-3 (Groundball, 56S, EV 77.5 MPH)
Top of the 3rd over - 0 runs, 0 hits, 0 errors, 0 left on base; Harrisburg 1 - Richmond 0
BOTTOM OF THE 3RD
Richmond Flying Squirrels batting - Pitching for Harrisburg Senators : RHP Tim Bailey
Batting: RHB Jim Unknown 0-0: Ball
1-0: Ball
2-0: Ball
3-0: Base on Balls
Batting: RHB Jim Unknown 0-0: Sac Bunt to 25 - play at first, batter OUT! 5-3
Jim Unknown to second
Batting: LHB Mauro Reyes 0-0: Called Strike
0-1: Fly out, F9 (Flyball, 89M, EV 95.6 MPH)
Batting: LHB Jim Meléndez 0-0: Foul Ball, location: 25F
0-1: Called Strike
0-2: Ball
1-2: Ball
2-2: Ground out 3-1 (Groundball, 34, EV 80.6 MPH)
Bottom of the 3rd over - 0 runs, 0 hits, 0 errors, 1 left on base; Harrisburg 1 - Richmond 0
TOP OF THE 4TH
Harrisburg Senators batting - Pitching for Richmond Flying Squirrels : LHP Jim Unknown
Batting: RHB Stan Boone 0-0: Called Strike
0-1: Swinging Strike
0-2: Foul Ball, location: 5DF
0-2: Strikes out swinging
Batting: RHB José Sousa 0-0: Called Strike
0-1: Ground out 6-3 (Groundball, 6, EV 83.8 MPH)
Batting: RHB Víctor Sánchez 0-0: Called Strike
0-1: Foul Ball, location: 2F
0-2: Ball
1-2: Foul Ball, location: 5F
1-2: Ground out U3 (Groundball, 3L, EV 96.3 MPH)
Top of the 4th over - 0 runs, 0 hits, 0 errors, 0 left on base; Harrisburg 1 - Richmond 0
BOTTOM OF THE 4TH
Richmond Flying Squirrels batting - Pitching for Harrisburg Senators : RHP Tim Bailey
Batting: RHB Jorge Juárez 0-0: Called Strike
0-1: Called Strike
0-2: Ball
1-2: Ball
2-2: Ball
3-2: Base on Balls
Batting: LHB Pat Holden 0-0: Ball
1-0: Ball
2-0: SINGLE (Groundball, 34D, EV 105.0 MPH)
Jorge Juárez to second
Runner from 2nd tries for 3rd, SAFE, throw by RF made to third
Batting: RHB Jim Unknown 0-0: Ball
1-0: Ball
2-0: Swinging Strike
2-1: 3-RUN HOME RUN (Flyball, 7LD, EV 90.6 MPH), Distance : 331 ft
Batting: RHB Jim Unknown 0-0: Ball
1-0: Ball
2-0: Bunted foul
2-1: Foul Ball, location: 9LSF
2-2: Ball
3-2: Foul Ball, location: 2F
3-2: Fly out, F9 (Flyball, 9, EV 79.4 MPH)
Batting: RHB Jim Unknown 0-0: Called Strike
0-1: Fly out, F9 (Line Drive, 9LM, EV 92.5 MPH)
Batting: RHB Jim Unknown 0-0: Ball
1-0: Called Strike
1-1: Swinging Strike
1-2: Fly out, F7 (Flyball, 7LS, EV 96.3 MPH)
Bottom of the 4th over - 3 runs, 2 hits, 0 errors, 0 left on base; Harrisburg 1 - Richmond 3
TOP OF THE 5TH
Harrisburg Senators batting - Pitching for Richmond Flying Squirrels : LHP Jim Unknown
Batting: RHB Ron Clements 0-0: Called Strike
0-1: Swinging Strike
0-2: Ball
1-2: Ground out 5-3 (Groundball, 56, EV 83.8 MPH)
Batting: RHB Juan Mateo 0-0: Swinging Strike
0-1: Ball
1-1: Ball
2-1: Foul Ball, location: 5F
2-2: SINGLE (Groundball, 25, EV 65.6 MPH) (infield hit)
Batting: LHB Josh Battle 0-0: Ball
1-0: Called Strike
1-1: Foul Ball, location: 2F
1-2: Ball
2-2: Foul Ball, location: 2F
2-2: Ball
3-2: Strikes out looking
Batting: RHB Jeff Lee 0-0: Foul Ball, location: 2F
0-1: Foul Ball, location: 2F
0-2: Fly out, F7 (Flyball, 7, EV 94.4 MPH)
Top of the 5th over - 0 runs, 1 hit, 0 errors, 1 left on base; Harrisburg 1 - Richmond 3
BOTTOM OF THE 5TH
Richmond Flying Squirrels batting - Pitching for Harrisburg Senators : RHP Tim Bailey
Batting: RHB Jim Unknown 0-0: Foul Ball, location: 3FF
0-1: Foul Ball, location: 2F
0-2: Ball
1-2: Strikes out swinging
Batting: LHB Mauro Reyes 0-0: Ball
1-0: Called Strike
1-1: Ball
2-1: Called Strike
2-2: Ground out U3 (Groundball, 34S, EV 91.3 MPH)
Batting: LHB Jim Meléndez 0-0: Called Strike
0-1: Ball
1-1: Ball
2-1: SINGLE (Flyball, 89S, EV 95.0 MPH)
Batting: RHB Jorge Juárez 0-0: Ball
1-0: Ball
Wild Pitch!
Jim Meléndez to second
2-0: Foul Ball, location: 2F
2-1: Fly out, F3 (Line Drive, 3L, EV 70.6 MPH)
Bottom of the 5th over - 0 runs, 1 hit, 0 errors, 1 left on base; Harrisburg 1 - Richmond 3
TOP OF THE 6TH
Harrisburg Senators batting - Pitching for Richmond Flying Squirrels : LHP Jim Unknown
Batting: RHB Enrico Rodríguez 0-0: Ball
1-0: Foul Ball, location: 2F
1-1: Ball
2-1: Fly out, F4 (Popup, 13, EV 76.3 MPH)
Batting: RHB Esteban Gonzáles 0-0: Swinging Strike
0-1: Foul Ball, location: 9LMF
0-2: Ball
1-2: Ground out 5-3 (Groundball, 56S, EV 84.4 MPH)
Batting: RHB Stan Boone 0-0: Ball
1-0: Ball
2-0: Ball
3-0: Base on Balls
Pitching: RHP Jim Unknown
Batting: RHB José Sousa 0-0: Called Strike
0-1: Swinging Strike
0-2: Foul Ball, location: 9LSF
0-2: Hit by Pitch
Stan Boone to second
Batting: RHB Víctor Sánchez 0-0: Swinging Strike
0-1: Ball
1-1: Ball
2-1: Swinging Strike
2-2: Ball
3-2: Ground out 4-3 (Groundball, 34, EV 108.1 MPH)
Top of the 6th over - 0 runs, 0 hits, 0 errors, 2 left on base; Harrisburg 1 - Richmond 3
BOTTOM OF THE 6TH
Richmond Flying Squirrels batting - Pitching for Harrisburg Senators : RHP Tim Bailey
Batting: LHB Pat Holden 0-0: Ball
1-0: Ball
2-0: Called Strike
2-1: Foul Ball, location: 5FF
2-2: Fly out, F7 (Flyball, 7S, EV 85.6 MPH)
Batting: RHB Jim Unknown 0-0: Called Strike
0-1: Fly out, F8 (Flyball, 8LM, EV 91.9 MPH)
Batting: RHB Jim Unknown 0-0: Called Strike
0-1: Ball
1-1: Fly out, F9 (Flyball, 9, EV 85.0 MPH)
Bottom of the 6th over - 0 runs, 0 hits, 0 errors, 0 left on base; Harrisburg 1 - Richmond 3
TOP OF THE 7TH
Harrisburg Senators batting - Pitching for Richmond Flying Squirrels : RHP Jim Unknown
Batting: RHB Ron Clements 0-0: Called Strike
0-1: DOUBLE (Line Drive, 9LM, EV 107.5 MPH)
Pinch Hitting: LHB César Cantú 0-0: Called Strike
0-1: Ball
1-1: Ball
2-1: Foul Ball, location: 3F
2-2: Ball
3-2: Base on Balls
Batting: LHB Josh Battle 0-0: Swinging Strike
Passed Ball!
Ron Clements to third
César Cantú to second
0-1: Foul Ball, location: 7LMF
0-2: Ball
1-2: Foul Ball, location: 2F
1-2: SINGLE (Line Drive, 9S, EV 91.9 MPH)
Ron Clements scores
César Cantú to third
Pinch Hitting: LHB José Esparza 0-0: Ball
1-0: Swinging Strike
1-1: Foul Ball, location: 3FF
1-2: Ball
Wild Pitch!
César Cantú scores
Josh Battle to second
2-2: Foul Ball, location: 3F
2-2: Foul Ball, location: 2F
2-2: Foul Ball, location: 23F
2-2: Foul Ball, location: 2F
2-2: Foul Ball, location: 3SF
2-2: Ball
3-2: Intentional Walk
Batting: RHB Enrico Rodríguez 0-0: Ball
1-0: Grounds into double play, 4-6-3 (Groundball, 4, EV 80.0 MPH)
Josh Battle to third
Batting: RHB Esteban Gonzáles 0-0: Called Strike
0-1: Foul Ball, location: 5FF
0-2: Ball
1-2: Ground out 4-3 (Groundball, 34D, EV 77.5 MPH)
Top of the 7th over - 2 runs, 2 hits, 0 errors, 1 left on base; Harrisburg 3 - Richmond 3
BOTTOM OF THE 7TH
Richmond Flying Squirrels batting - Pitching for Harrisburg Senators : RHP Tim Bailey
Now at 1B: César Cantú
Now at 3B: José Esparza
Now at SS: Ron Clements
Batting: RHB Jim Unknown 0-0: Called Strike
0-1: Swinging Strike
0-2: Ball
1-2: Strikes out swinging
Batting: RHB Jim Unknown 0-0: Ball
1-0: Called Strike
1-1: Ball
2-1: Fly out, F8 (Line Drive, 8LM, EV 95.0 MPH)
Batting: RHB Jim Unknown 0-0: Ball
1-0: Ball
2-0: Called Strike
2-1: Foul Ball, location: 25F
2-2: Foul Ball, location: 7LMF
2-2: Foul Ball, location: 3SF
2-2: Ground out 1-3 (Groundball, 34S, EV 63.8 MPH)
Bottom of the 7th over - 0 runs, 0 hits, 0 errors, 0 left on base; Harrisburg 3 - Richmond 3
TOP OF THE 8TH
Harrisburg Senators batting - Pitching for Richmond Flying Squirrels : RHP Jim Unknown
Batting: RHB Stan Boone 0-0: Foul Ball, location: 9LDF
0-1: Ball
1-1: Fly out, F9 (Line Drive, 9S, EV 90.6 MPH)
Batting: RHB José Sousa 0-0: Ball
1-0: Called Strike
1-1: Ball
2-1: Ball
3-1: Base on Balls
Pinch Hitting: LHB Bob Sizemore 0-0: Called Strike
0-1: Ball
1-1: Ball
2-1: Foul Ball, location: 2F
2-2: Ball
3-2: SINGLE (Groundball, 6MD, EV 94.4 MPH)
José Sousa to second
Pitching: LHP Jim Unknown
Batting: RHB Ron Clements 0-0: Ball
1-0: Fly out, F8 (Flyball, 8RS, EV 85.6 MPH)
Pinch Hitting: RHB Robinson Flores 0-0: Ball
1-0: Foul Ball, location: 2F
1-1: Ball
2-1: Ball
3-1: Base on Balls
José Sousa to third
Bob Sizemore to second
Pinch Hitting: RHB Honório Barracho 0-0: Called Strike
0-1: Ball
1-1: Foul Ball, location: 9LMF
1-2: Fly out, F8 (Flyball, 8RD, EV 107.5 MPH)
Top of the 8th over - 0 runs, 1 hit, 0 errors, 3 left on base; Harrisburg 3 - Richmond 3
BOTTOM OF THE 8TH
Richmond Flying Squirrels batting - Pitching for Harrisburg Senators : RHP Tim Bailey
Pitching: RHP Max Hoffman
Now at C: Nate Gardner
Now at 1B: Honório Barracho
Now in RF: Robinson Flores
Batting: LHB Mauro Reyes 0-0: Ground out U3 (Groundball, 3, EV 106.9 MPH)
Batting: LHB Jim Meléndez 0-0: Fly out, F9 (Line Drive, 9S, EV 98.1 MPH)
Batting: RHB Jorge Juárez 0-0: Called Strike
0-1: Ball
1-1: Ball
2-1: Ball
3-1: Swinging Strike
3-2: Strikes out looking
Bottom of the 8th over - 0 runs, 0 hits, 0 errors, 0 left on base; Harrisburg 3 - Richmond 3
TOP OF THE 9TH
Harrisburg Senators batting - Pitching for Richmond Flying Squirrels : LHP Jim Unknown
Batting: LHB José Esparza 0-0: Ball
1-0: Ball
2-0: Ball
3-0: SINGLE (Groundball, 4D, EV 105.0 MPH)
Batting: RHB Enrico Rodríguez 0-0: Ball
1-0: Grounds into double play, 3-6-1 (Groundball, 3, EV 105.0 MPH)
Batting: RHB Esteban Gonzáles 0-0: Ball
1-0: Swinging Strike
1-1: Ball
2-1: Ball
3-1: Base on Balls
Batting: RHB Stan Boone 0-0: Ball
1-0: Called Strike
1-1: Ball
2-1: Foul Ball, location: 23F
2-2: Ball
3-2: Foul Ball, location: 9LMF
3-2: Foul Ball, location: 2F
3-2: Base on Balls
Esteban Gonzáles to second
Batting: RHB José Sousa 0-0: Ball
1-0: Ball
2-0: Foul Ball, location: 3F
2-1: Ball
3-1: Base on Balls
Esteban Gonzáles to third
Stan Boone to second
Batting: RHB Nate Gardner 0-0: Foul Ball, location: 2F
0-1: Ball
1-1: Called Strike
1-2: Ball
Wild Pitch!
Esteban Gonzáles scores
Stan Boone to third
José Sousa to second
2-2: Strikes out swinging
Top of the 9th over - 1 run, 1 hit, 0 errors, 2 left on base; Harrisburg 4 - Richmond 3
BOTTOM OF THE 9TH
Richmond Flying Squirrels batting - Pitching for Harrisburg Senators : RHP Max Hoffman
Pitching: LHP Steve Brown
Batting: LHB Pat Holden 0-0: Ball
1-0: Swinging Strike
1-1: Foul Ball, location: 3SF
1-2: Strikes out swinging
Batting: RHB Jim Unknown 0-0: Ball
1-0: Foul Ball, location: 9LSF
1-1: Fly out, F2 (Popup, 25F, EV 81.3 MPH)
Pinch Hitting: RHB Jim Unknown 0-0: Ball
1-0: Ball
2-0: Called Strike
2-1: Fly out, F9 (Line Drive, 9, EV 98.1 MPH)
Bottom of the 9th over - 0 runs, 0 hits, 0 errors, 0 left on base; Harrisburg 4 - Richmond 3
Friday, May 3rd , 2024 - OOTP Baseball 24.10 Build 82